 Dungeon Crawl Stone Soup version 0.18.1-50-g88ac8fd (webtiles) character file.

1941 nikopol the Cleaver (level 9, -3/79 HPs)
             Began as a Hill Orc Berserker on Oct 16, 2016.
             Was a High Priest of Trog.
             Shot with a sling bullet by Joseph (5 damage)
             ... on level 7 of the Dungeon.
             The game lasted 00:20:45 (8058 turns).

nikopol the Cleaver (Hill Orc Berserker)            Turns: 8058, Time: 00:20:46

Health: -3/79      AC: 10    Str: 21    XL:     9   Next: 18%
Magic:  9/9        EV: 10    Int:  7    God:    Trog [*****.]
Gold:   429        SH:  0    Dex: 15    Spells: 0 memorised, 8 levels left

rFire  . . .     SeeInvis .     a - +0 war axe
rCold  . . .     Gourm    .     l - +0 chain mail
rNeg   . . .     Faith    +     (no shield)
rPois  .         Spirit   .     (no helmet)
rElec  .         Dismiss  .     (no cloak)
rCorr  +         Reflect  .     (no gloves)
SustAt .         Harm     .     (no boots)
MR     .....                    t - amulet of faith
Stlth  ..........               A - +3 ring of dexterity
                                F - ring of resist corrosion

@: lethally poisoned (-3 -> -30), not resistant to hostile enchantments,
extremely unstealthy
A: no striking features
a: Berserk, Trog's Hand, Brothers in Arms, Burn Spellbooks, Renounce Religion


You were on level 7 of the Dungeon.
You worshipped Trog.
Trog was extremely pleased with you.
You were not hungry.

You visited 1 branch of the dungeon, and saw 7 of its levels.

You collected 429 gold pieces.

Inventory:

Hand Weapons
 a - a +0 war axe (weapon)
 z - a +0 shortbow
Missiles
 h - 112 arrows (quivered)
Armour
 l - a +0 chain mail (worn)
Jewellery
 b - a cursed -6 ring of evasion {unknown}
 j - an uncursed ring of magical power
 t - an amulet of faith (around neck)
 A - a +3 ring of dexterity (right hand)
 F - a ring of resist corrosion (left hand)
 K - an uncursed ring of protection from fire
Scrolls
 g - 2 scrolls of remove curse
 o - 3 scrolls of teleportation {unknown}
 r - 2 scrolls of fear {unknown}
 s - a scroll of random uselessness {unknown}
 v - 2 scrolls of blinking {unknown}
 x - 5 scrolls of identify {unknown}
 y - 2 scrolls of immolation {unknown}
 C - a scroll of magic mapping {unknown}
 E - 2 scrolls of amnesia {unknown}
 G - a scroll of fog {unknown}
Potions
 e - 2 potions of flight {unknown}
 i - a potion of brilliance {unknown}
 k - 2 potions of cancellation {unknown}
 m - 2 potions of invisibility {unknown}
 q - a potion of might {unknown}
 B - 6 potions of curing {unknown}
 D - a potion of agility {unknown}
 H - a potion of resistance {unknown}
 I - 2 potions of lignification {unknown}
Comestibles
 c - 4 bread rations
 d - a royal jelly
 f - a fruit
 n - 3 meat rations
 w - a beef jerky


   Skills:
 + Level 7.3 Fighting
 * Level 8.7 Axes
 * Level 3.3 Bows
 + Level 6.1 Armour
 + Level 4.8 Dodging


You had 8 spell levels left.
You didn't know any spells.

Dungeon Overview and Level Annotations

Branches:
Dungeon (7/15)             Temple (0/1) D:6

Altars:
Cheibriados
Ru

Shops:
D:5 }

Annotations:
D:7 Joseph


Message History

* * * LOW HITPOINT WARNING * * *
You feel very sick. The killer bee stings you.
* * * LOW HITPOINT WARNING * * *
The killer bee stings you but does no damage.
Joseph, a Mercenary comes into view.
He is wielding a quarterstaff of distortion.
You are too injured to fight recklessly!
You are too injured to fight recklessly!
Joseph shouts!
You slash the killer bee!
You kill the killer bee!
Trog accepts your kill.
* * * LOW HITPOINT WARNING * * *
You feel very sick.
Joseph unwields an uncursed quarterstaff of distortion.
Its appearance distorts for a moment.
Joseph wields a glowing hunting sling.
It bursts into flame!
Joseph shoots a sling bullet.
The sling bullet hits you!
* * * LOW HITPOINT WARNING * * *
The sling bullet burns you.
You die...

.##.####.....##.......#
<##.##.......##.......#
.......#.....##.......#
.......####..##.......#
....... #...#...[...#
.......# #...........#
.......# #............
#§##... #....########
.# .#. #.....@.#
#......##†..# ..#.....#
.....# . #.....# .....#
.@.....# .....#
..##....# .....# ..
###### .....# ......


You could see Joseph.

Vanquished Creatures
  2 ice beasts (D:5)
  An orc warrior (D:6)
  A phantom (D:3)
  An ogre (D:6)
  A centaur (D:5)
  2 giant frogs (D:6)
  2 scorpions
  4 killer bees (D:7)
  3 howler monkeys
  A crimson imp (D:5)
  A quasit (D:7)
  3 orc priests
  3 orc wizards
  A jelly (D:6)
  A giant frog skeleton (D:5)
  2 hounds
  Terence (D:2)
  8 worker ants
  A hound zombie (D:6)
  10 adders
  2 shadow imps
  An ooze (D:4)
  3 worms
  4 giant geckos
  44 orcs
  10 bats
  8 giant cockroaches
  11 goblins
  11 hobgoblins
  8 jackals
  5 kobolds
  4 quokkas
  2 ball pythons
  5 giant newts
  11 rats
178 creatures vanquished.

Notes
Turn   | Place    | Note
--------------------------------------------------------------
     0 | D:1      | nikopol the Hill Orc Berserker began the quest for the Orb.
     0 | D:1      | Reached XP level 1. HP: 19/19 MP: 1/1
   167 | D:1      | Reached XP level 2. HP: 27/27 MP: 2/2
   427 | D:1      | Reached ** piety under Trog
   430 | D:1      | Reached XP level 3. HP: 19/33 MP: 3/3
  1444 | D:2      | Noticed Terence
  1454 | D:2      | Killed Terence
  1454 | D:2      | Reached XP level 4. HP: 41/41 MP: 4/4
  1990 | D:2      | Reached *** piety under Trog
  2239 | D:3      | Reached XP level 5. HP: 38/47 MP: 5/5
  2355 | D:3      | Noticed a phantom
  2414 | D:3      | Killed a phantom
  2414 | D:3      | Reached skill level 5 in Fighting
  2414 | D:3      | Reached skill level 5 in Axes
  2668 | D:3      | Reached XP level 6. HP: 14/56 MP: 6/6
  4477 | D:4      | Reached XP level 7. HP: 52/61 MP: 7/7
  4608 | D:4      | Reached **** piety under Trog
  4608 | D:4      | Reached skill level 6 in Axes
  5138 | D:4      | Found a snail-covered altar of Cheibriados.
  5139 | D:4      | Found a sacrificial altar of Ru.
  5485 | D:5      | Entered Level 5 of the Dungeon
  5667 | D:5      | Reached skill level 5 in Armour
  5943 | D:5      | Reached XP level 8. HP: 53/70 MP: 8/8
  6032 | D:5      | Found Junlobul's Gadget Shop.
  6059 | D:5      | Reached skill level 7 in Axes
  6067 | D:5      | HP: 3/106 [ice beast (6)]
  6070 | D:5      | Reached ***** piety under Trog
  6881 | D:6      | Found a staircase to the Ecumenical Temple.
  7051 | D:6      | Reached skill level 1 in Bows
  7064 | D:6      | Reached skill level 8 in Axes
  7934 | D:7      | Reached XP level 9. HP: 73/79 MP: 9/9
  8054 | D:7      | Received a gift from Trog
  8058 | D:7      | Noticed Joseph
  8058 | D:7      | HP: 2/79 [Joseph/sling bullet (15)]
  8058 | D:7      | Shot with a sling bullet by Joseph

Skill      XL: |  1  2  3  4  5  6  7  8  9 |
---------------+----------------------------+-----
Fighting       | 4 5 6 7 |  7.3
Armour         | 3 4 5 6 |  6.1
Dodging        | 2 3 4 |  4.8
Axes           | 5 6 8 |  8.7
Bows           | 2 3 |  3.3

Action                   |  1- 3 |  4- 6 |  7- 9 || total
-------------------------+-------+-------+-------++-------
Melee: Hand axe          |   123 |   259 |       ||   382
       War axe           |       |    77 |   299 ||   376
 Fire: Shortbow          |       |       |    41 ||    41
Invok: Berserk           |     1 |     2 |     1 ||     4
       Burn Spellbooks   |       |       |     2 ||     2
  Use: Scroll            |       |       |     1 ||     1
 Stab: Sleeping          |     1 |       |       ||     1
  Eat: Chunk             |     2 |    12 |    12 ||    26
       Fruit             |       |     1 |     1 ||     2
Armor: Animal skin       |    31 |       |       ||    31
       Chain mail        |       |   187 |   242 ||   429
Dodge: Dodged            |    79 |   134 |   188 ||   401
